 Dungeon Crawl Stone Soup version 0.29.1-14-g9c671dbff4 (webtiles) character file.

Game seed: 4476416081467883833

809 SilverX5502 the Chopper (level 7, 30/62 HPs)
             Began as a Minotaur Fighter on Feb 17, 2023.
             Quit the game on level 7 of the Dungeon.
             The game lasted 00:12:27 (3148 turns).

SilverX5502 the Chopper (Minotaur Fighter)          Turns: 3148, Time: 00:12:28

Health: 30/62      AC: 10    Str: 23    XL:     7   Next: 61%
Magic:  6/6        EV:  9    Int:  5    God:
Gold:   104        SH:  5    Dex:  9    Spells: 6/6 levels left

rFire   . . .      SeeInvis .   a - +0 war axe
rCold   . . .      Faith    .   c - +0 buckler
rNeg    . . .      Spirit   .   b - +0 scale mail
rPois   .          Reflect  .   (helmet restricted)
rElec   .          Harm     .   (no cloak)
rCorr   .          Rampage  .   (no gloves)
Will    .....                   o - +2 pair of boots
Stlth   ..........              (no amulet)
HPRegen 0.20/turn               (no ring)
MPRegen 0.10/turn               (no ring)

@: seriously poisoned (30 -> 7), weakened
A: horns 2, retaliatory headbutt
a: no special abilities


You were on level 7 of the Dungeon.
You visited 1 branch of the dungeon, and saw 7 of its levels.

You collected 104 gold pieces.

Inventory:

Hand Weapons
 a - a +0 war axe (weapon)
Missiles
 h - 54 stones (quivered)
Armour
 b - a +0 scale mail (worn)
 c - a +0 buckler (worn)
 o - a +2 pair of boots (worn)
Magical Staves
 p - a staff of cold
Scrolls
 e - a scroll of blinking {unknown}
 g - 2 scrolls of fear {unknown}
 i - a scroll of enchant weapon {unknown}
 k - 6 scrolls of identify {unknown}
 q - 2 scrolls of teleportation {unknown}
 s - a scroll of amnesia {unknown}
Potions
 d - 2 potions of might
 f - a potion of invisibility {unknown}
 j - 2 potions of curing {unknown}
 l - 3 potions of ambrosia {unknown}
 m - 4 potions of haste {unknown}
 n - 2 potions of mutation {unknown}
 r - 2 potions of degeneration {unknown}
 t - a potion of heal wounds {unknown}


   Skills:
 + Level 5.8 Fighting
 * Level 6.9 Axes
 + Level 5.8 Armour
 + Level 5.8 Shields


You had 6 spell levels left.
You didn't know any spells.
Your spell library contained the following spells:

 Spells                   Type           Power      Damage    Failure   Level
 Blink                    Tloc           0%         N/A       94%         2
 Ensorcelled Hibernation  Hex/Ice        0%         N/A       94%         2
 Passwall                 Tmut/Erth      0%         N/A       94%         2
 Lesser Beckoning         Tloc           0%         N/A       99%         3
 Swiftness                Air            0%         N/A       99%         3
 Manifold Assault         Tloc           0%         N/A       100%        5


Dungeon Overview and Level Annotations

Branches:
Dungeon (8/15)
 Temple: D:4-7         Lair: D:8-11

Altars:


Innate Abilities, Weirdness & Mutations

You have a pair of horns on your head.
You reflexively headbutt those who attack you in melee.


Message History

The gnoll shouts!
You hear a shout!
You block the gnoll's attack.
The gnoll bouda barks out a call to the hunt!
The gnolls pick up the pace!
You slash the gnoll!
The gnoll is almost dead.
The gnoll barely misses you.
You closely miss the gnoll.
The gnoll is almost dead.
An orc comes into view. It is wielding a +0 mace.
You block the gnoll's attack.
A gnoll comes into view. It is wielding a +1 spear of venom.
The gnoll bouda barks out a call to the hunt!
The gnoll picks up the pace!
The gnoll barely misses you. The gnoll hits you with a +0 flail.
The orc moves out of view.
The gnoll shouts!
You slash the gnoll!
You kill the gnoll!
You hit the gnoll but do no damage.
You hear a shout!
You slash the gnoll!
You kill the gnoll!
You closely miss the gnoll. The gnoll hits you but does no damage.
The gnoll misses you. The gnoll hits you but does no damage.
Things that are here:
a +0 halberd; a gnoll corpse You closely miss the gnoll.
You headbutt the gnoll!
The gnoll is almost dead.
You hit the gnoll bouda.
The gnoll hits you from afar with a +1 spear of venom.
You are poisoned.
The gnoll bouda gazes fiercely through you!
You feel your attacks grow feeble.
The gnoll bouda hits you with a +0 club!
The gnoll hits you with a +0 club.
The gnoll hits you from afar with a +1 spear of venom.
You are more poisoned.
Are you sure you want to abandon this character and quit the game? (Confirm with "yes".)

....# ....# .
....# #. ##....#
#.. #.....# ..
######.....#
##.#.##/)..#.....#
.......g....>....#
..###g@.#)#.##+##
#...og<..#.#.#
.....##..#.#.#
.... ...#.... ...
###.###.# .. ..#
#.# # ### #/#


You could see a gnoll bouda, 2 gnolls and an orc.

Vanquished Creatures
  Prince Ribbit (D:8)
  A black bear (D:5)
  A centaur (D:7)
  A bullfrog (D:4)
  A hound (D:5)
  A gnoll bouda (D:4)
  An orc priest (D:5)
  An iguana (D:5)
  2 orc wizards
  5 gnolls
  7 adders
  3 worms
  3 dart slugs
  8 orcs
  4 ball pythons
  9 endoplasms
  4 giant cockroaches
  5 goblins
  7 hobgoblins (D:1)
  5 jackals
  3 quokkas
  10 bats
  3 frilled lizards
  10 kobolds
  7 rats
103 creatures vanquished.

Vanquished Creatures (others)
  3 fungi (D:2)
  2 plants (D:2)
5 creatures vanquished.

Grand Total: 108 creatures vanquished

Notes
Turn   | Place    | Note
-------+----------+-------------------------------------------
     0 | D:1      | SilverX5502 the Minotaur Fighter began the quest for the
                  | Orb.
     0 | D:1      | Reached XP level 1. HP: 19/19 MP: 0/0
    63 | D:1      | Reached XP level 2. HP: 24/27 MP: 1/1
   119 | D:1      | Reached skill level 3 in Axes
   308 | D:1      | Reached XP level 3. HP: 33/33 MP: 2/2
  1002 | D:2      | Reached XP level 4. HP: 17/40 MP: 3/3
  1059 | D:2      | Reached skill level 4 in Axes
  1400 | D:2      | Found a faded altar of an unknown god.
  1528 | D:2      | Reached XP level 5. HP: 47/47 MP: 4/4
  2466 | D:5      | Entered Level 5 of the Dungeon
  2527 | D:4      | Reached skill level 5 in Axes
  2529 | D:4      | Reached XP level 6. HP: 25/55 MP: 5/5
  2897 | D:5      | Reached skill level 5 in Armour
  2899 | D:5      | Reached skill level 5 in Fighting
  2899 | D:5      | Reached skill level 5 in Shields
  3012 | D:5      | Reached skill level 6 in Axes
  3019 | D:5      | Reached XP level 7. HP: 52/61 MP: 6/6
  3110 | D:5      | You fall into a shaft and drop 3 floors!
  3113 | D:8      | Noticed Prince Ribbit
  3125 | D:8      | Killed Prince Ribbit
  3148 | D:7      | Quit the game

Illustrated notes

Levels and vault maps discovered:
D:1:      co_arrival_square_in_a_square_in_a_square, layout_basic,
          reono_crystal_passage, minmay_tromino_v7
D:2:      layout_rooms, shapermc_ecumenical_altar_hornbeckon
D:3:      layout_basic
D:4:      layout_rooms
D:5:      layout_loops_ring, gup_sewer_entry_bowl, ebering_ghost_disaster_area,
          hellmonk_bongcloud_opening, minmay_misc_feat_ornament
D:7:      layout_basic, chequers_temple_overflow_statue_of_worship
D:8:      layout_basic, uniq_prince_ribbit1

Skill      XL: |  1  2  3  4  5  6 |
---------------+-------------------+-----
Axes           | 3 4 5 6 |  6.9
Armour         | 4 5 |  5.8
Fighting       | 4 5 |  5.8
Shields        | 4 5 |  5.8

Action                   |  1- 3 |  4- 6 |  7- 9 || total
-------------------------+-------+-------+-------++-------
Melee: War axe           |    84 |   141 |    19 ||   244
       Headbutt          |     8 |    19 |     4 ||    31
Armor: Scale mail        |    49 |    96 |    14 ||   159
Dodge: Dodged            |    42 |    79 |    19 ||   140
Block: Buckler           |    13 |    40 |     8 ||    61
